 Dungeon Crawl Stone Soup version 0.30-a0-691-g754fce4c43 (webtiles) character file.

Game seed: 7918510392767570979

1526 Citaku the Protected (level 8, -10/70 HPs)
             Began as a Minotaur Fighter on Jan 19, 2023.
             Was an Initiate of Gozag.
             Mangled by Maggie
             ... wielding a +2 broad axe of distortion
              (15 damage)
             ... on level 6 of the Dungeon.
             The game lasted 00:07:24 (4902 turns).

Citaku the Protected (Minotaur Fighter)             Turns: 4902, Time: 00:07:24

Health: -10/70     AC: 13    Str: 23    XL:     8   Next: 55%
Magic:  7/7        EV:  9    Int:  5    God:    Gozag
Gold:   367        SH:  5    Dex: 10    Spells: 7/7 levels left

rFire   . . .      SeeInvis .    a - +0 war axe
rCold   . . .      Faith    .    c - +0 buckler
rNeg    . . .      Spirit   .    b - +0 scale mail
rPois   .          Reflect  .    m - +1 hat
rElec   .          Harm     .    v - +1 cloak
rCorr   .          Rampage  .    j - +0 pair of gloves
Will    +....                    (no boots) Stlth
                                 (no amulet)
HPRegen 0.31/turn                p - ring of willpower
MPRegen 0.10/turn                (no ring)

@: mighty
A: horns 2, retaliatory headbutt
a: Renounce Religion, Potion Petition, Call Merchant, Bribe Branch


You were on level 6 of the Dungeon.
You worshipped Gozag.
Gozag was aware of your devotion.
You visited 2 branches of the dungeon, and saw 7 of its levels.

You collected 512 gold pieces.
You spent 72 gold pieces at shops.
You paid 73 gold pieces to Gozag.

Inventory:

Hand Weapons
 a - a +0 war axe (weapon)
Armour
 b - a +0 scale mail (worn)
 c - a +0 buckler (worn)
 j - a +0 pair of gloves (worn)
 m - a +1 hat (worn)
 v - a +1 cloak (worn)
Jewellery
 p - a ring of willpower (left hand)
Wands
 w - a wand of flame (15)
 y - a wand of mindburst (11)
Scrolls
 e - 2 scrolls of immolation {unknown}
 f - 6 scrolls of identify
 i - a scroll of fear {unknown}
 l - a scroll of fog {unknown}
 n - a scroll of noise {unknown}
 o - a scroll of enchant weapon {unknown}
 r - a scroll of vulnerability {unknown}
 x - 3 scrolls of teleportation {unknown}
Potions
 g - a potion of degeneration {unknown}
 h - 3 potions of attraction {unknown}
 k - 3 potions of heal wounds {unknown}
 q - a potion of mutation {unknown}
 s - 3 potions of curing
 t - a potion of flight {unknown}
 u - a potion of haste {unknown}
 z - a potion of invisibility {unknown}
 A - 2 potions of magic {unknown}


   Skills:
 + Level 6.3 Fighting
 * Level 7.8 Axes
 * Level 8.3 Armour
 + Level 6.3 Shields


You had 7 spell levels left.
You didn't know any spells.
Your spell library contained the following spells:

 Spells                   Type           Power      Damage    Failure   Level
 Beastly Appendage        Tmut           0%         N/A       83%         1
 Freeze                   Ice            0%         1d3       83%         1
 Necrotise                Necr           0%         1d4       83%         1
 Blink                    Tloc           0%         N/A       92%         2
 Ensorcelled Hibernation  Hex/Ice        0%         N/A       92%         2
 Wereblood                Tmut           0%         N/A       92%         2
 Frozen Ramparts          Ice            0%         1d1       99%         3
 Hailstorm                Conj/Ice       0%         3d3       99%         3
 Spider Form              Tmut/Pois      0%         N/A       99%         3
 Vampiric Draining        Necr           0%         2d6       99%         3
 Anguish                  Hex/Necr       0%         N/A       100%        4
 Manifold Assault         Tloc           0%         N/A       100%        4
 Agony                    Necr           0%         N/A       100%        5
 Storm Form               Tmut/Air       0%         N/A       100%        7


Dungeon Overview and Level Annotations

Branches:
Dungeon (6/15)             Temple (1/1) D:4

Altars:
Ashenzari
Cheibriados
Gozag
Hepliaklqana
Kikubaaqudgha
Makhleb
Nemelex Xobeh
Okawaru
Qazlal
Ru
Trog

Shops:
D:1 [   D:2 ([?   D:4 !

Annotations:
D:6 Maggie


Innate Abilities, Weirdness & Mutations

You have a pair of horns on your head.
You reflexively headbutt those who attack you in melee.


Message History

You destroy the necrophage!
You now have 354 gold pieces (gained 9).
x - 3 scrolls labelled UJIYLAV UCYJ (gained 1)
You open the door.
There is an open door here.
You open the door.
There is an open door here.
Found a stone staircase leading up.
You now have 367 gold pieces (gained 13).
You open the door.
Maggie the Vainglorious comes into view.
She is wielding a +2 broad axe of distortion.
You feel very mighty all of a sudden.
You slash Maggie! Your headbutt misses Maggie.
Maggie is lightly wounded.
Maggie hits you with a +2 broad axe of distortion!
Space warps horribly around you!!
You slash Maggie! You headbutt Maggie.
Maggie is heavily wounded.
Maggie hits you with a +2 broad axe of distortion.
Space warps around you.
You completely miss Maggie.
Maggie is moderately wounded.
Maggie hits you with a +2 broad axe of distortion!
Space warps horribly around you!
* * * LOW HITPOINT WARNING * * *
You completely miss Maggie. You headbutt Maggie!
Maggie is severely wounded.
Maggie drinks a potion.
Maggie is healed!
You barely miss Maggie. Your headbutt misses Maggie.
Maggie is heavily wounded.
Maggie gestures at you while chanting. The bolt of fire hits you!
* * * LOW HITPOINT WARNING * * *
You barely miss Maggie. Your headbutt misses Maggie.
Maggie is heavily wounded.
Maggie hits you with a +2 broad axe of distortion.
* * * LOW HITPOINT WARNING * * *
Space warps horribly around you!
You die...
Your body crumbles into a pile of gold.

#### +# ..# ... #.#
.... ##.## .....
######...####......
..........@@'......
$
####....#.##......
#.#.##.# .....
#.#.##.# ....
#...##.# ...
#..###.# +#
#..###.# .#
#......######.####
##.#####..........


You could see Maggie.

Vanquished Creatures
  The ghost of CoinPitGoblin the Magician, a novice DjEE (D:5)
  A black bear (D:5)
  2 centaurs
  2 phantoms (D:5)
  A bullfrog (D:5)
  2 necrophages
  2 scorpions (D:5)
  2 hounds (D:5)
  A jelly (D:6)
  2 gnoll boudas
  An orc priest (D:5)
  2 orc wizards (D:5)
  Ijyb (D:4)
  An iguana (D:5)
  7 gnolls
  6 adders
  4 worms
  4 dart slugs
  9 orcs
  10 ball pythons
  6 endoplasms
  7 giant cockroaches
  5 goblins
  11 hobgoblins
  7 jackals
  7 kobolds
  7 quokkas
  9 bats
  3 frilled lizards
  A rat (D:2)
124 creatures vanquished.

Notes
Turn   | Place    | Note
-------+----------+-------------------------------------------
     0 | D:1      | Citaku the Minotaur Fighter began the quest for the Orb.
     0 | D:1      | Reached XP level 1. HP: 19/19 MP: 0/0
   125 | D:1      | Found Cutsegit's Armour Shop.
   238 | D:1      | Reached XP level 2. HP: 24/27 MP: 1/1
   326 | D:1      | Reached skill level 4 in Armour
   343 | D:1      | Noticed a shining eye
   345 | D:1      | Found a faded altar of an unknown god.
   357 | D:1      | Noticed a floating eye
   357 | D:1      | Noticed a floating eye
   357 | D:1      | Noticed a floating eye
   874 | D:2      | Reached XP level 3. HP: 33/33 MP: 2/2
  1051 | D:2      | Found Onunax's Antique Armour Shoppe.
  1062 | D:2      | Found Cuscheodo's Weapon Shoppe.
  1200 | D:2      | Found Sahodul's Magic Scroll Shoppe.
  1206 | D:2      | Bought a scroll of identify for 24 gold pieces
  1206 | D:2      | Bought a scroll of identify for 24 gold pieces
  1206 | D:2      | Bought a scroll of identify for 24 gold pieces
  1296 | D:2      | Reached XP level 4. HP: 40/40 MP: 3/3
  1579 | D:3      | Found a burning altar of Makhleb.
  2098 | D:3      | Noticed a necrophage
  2106 | D:3      | Killed a necrophage
  2107 | D:3      | Reached skill level 5 in Armour
  2107 | D:3      | Reached XP level 5. HP: 43/47 MP: 4/4
  2331 | D:3      | You fall into a shaft and drop 2 floors!
  2331 | D:5      | Entered Level 5 of the Dungeon
  2427 | D:4      | Reached XP level 6. HP: 25/53 MP: 5/5
  2750 | D:4      | Reached skill level 5 in Axes
  2824 | D:4      | Found Toash's Distillery.
  2845 | D:4      | Found a staircase to the Ecumenical Temple.
  2872 | Temple   | Entered the Ecumenical Temple
  2928 | Temple   | Became a worshipper of Gozag Ym Sagoz the Greedy
  3057 | D:4      | Noticed Ijyb
  3113 | D:4      | Killed Ijyb
  3584 | D:5      | Reached skill level 6 in Armour
  3638 | D:5      | Reached skill level 5 in Fighting
  3638 | D:5      | Reached skill level 5 in Shields
  3763 | D:5      | Reached XP level 7. HP: 44/61 MP: 6/6
  4067 | D:5      | Found a runed translucent door.
  4094 | D:5      | Noticed CoinPitGoblin's ghost (novice DjEE)
  4126 | D:5      | Reached skill level 7 in Armour
  4539 | D:5      | Reached XP level 8. HP: 64/70 MP: 7/7
  4571 | D:5      | Killed CoinPitGoblin's ghost
  4572 | D:5      | Reached skill level 8 in Armour
  4665 | D:6      | Found a hazy altar of Hepliaklqana.
  4894 | D:6      | Noticed Maggie
  4902 | D:6      | Mangled by Maggie

Illustrated notes

Levels and vault maps discovered:
D:1:      minmay_arrival_four_loops, layout_basic, serial_shops,
          nicolae_shop_advertising_works [nicolae_subvault_shop_adworks],
          hellmonk_ecumenical_altar_watching_god, kennysheep_minor_cross
D:2:      layout_loops_ring, serial_shops, nicolae_square_shop, shop, shop,
          nrook_loot_triangle
D:3:      layout_loops_ring, bloody_makhleb, minmay_misc_feat_doors,
          grunt_ministairs_5
D:4:      layout_layer_cave, minmay_temple_entry_slanted, serial_shops,
          nicolae_shop_temple_entry_statues_fountains, uniq_ijyb
D:5:      layout_loops_cross, ebering_ghost_sewer_d
D:6:      layout_loops_corners, zin_academy, old_standard_altar,
          mainiacjoe_overflow_catwalk, kennysheep_generic_room_4, uniq_maggie,
          uniq_eustachio
Temple:   hellmonk_temple_forest_ring

Skill      XL: |  1  2  3  4  5  6  7  8 |
---------------+-------------------------+-----
Armour         | 4 5 6 7 8 |  8.3
Axes           | 3 4 5 6 7 |  7.8
Shields        | 4 5 6 |  6.3
Fighting       | 4 5 6 |  6.3

Action                   |  1- 3 |  4- 6 |  7- 9 || total
-------------------------+-------+-------+-------++-------
Melee: War axe           |    84 |   147 |    92 ||   323
       Headbutt          |     6 |    28 |    19 ||    53
  Use: Potion            |       |       |     2 ||     2
Armor: Scale mail        |    43 |    78 |    55 ||   176
Dodge: Dodged            |    48 |    66 |    29 ||   143
Block: Buckler           |    24 |    41 |    14 ||    79

Table legend: (Time is in decaauts)
 A = Elapsed time spent in this place.
 B = Non-inter-level travel time spent in this place.
 C = Inter-level travel time spent in this place.
 D = Time resting spent in this place.
 E = Time spent auto-exploring this place.
 F = Levels seen in this place.
 G = Mean time per level.
                   A        B        C        D        E       F      G
               +--------+--------+--------+--------+--------+-----+--------+
         Total |   5004 |   4937 |     67 |      0 |   4018 |   7 |  714.9 |
       Dungeon |   4828 |   4761 |     67 |      0 |   3879 |   6 |  804.7 |
        Temple |    175 |    175 |      0 |      0 |    139 |   1 |  175.0 |
               +--------+--------+--------+--------+--------+-----+--------+

Top non-repeatable levels by time:
     D:5: 1105 daAuts
     D:4: 1063 daAuts
     D:1: 865 daAuts
     D:3: 778 daAuts
     D:2: 735 daAuts
     D:6: 279 daAuts
  Temple: 175 daAuts
